AoeStats
← Dani_AOE2

Arabia

509379148Analyzed
1v1 RM · 6d ago on Sep 26, 2026· 46m 41s· 2 players
Game mode
Random Map
Map size
Tiny (2 player)
Population
200
Speed
Normal
Resources
Standard
Victory
Conquest
Starting age
Dark Age
Ending age
Imperial Age
RankedLock teamsTeams togetherTeam positionsShared explorationLock speedFull tech treeHidden civsTurbo modeCheats
Victory
Defeat
1508
+16
🇳🇱 Mongols · Netherlands
1500
-16
Dani_AOE2
6:21 Loom
8:41 Feudal Age
10:02 Double-Bit Axe
11:52 Fletching
23:41 Castle Age
22:38 Horse Collar
23:44 Crossbowman
24:23 Bodkin Arrow
25:29 Bow Saw
25:55 Gold Mining
28:36 Husbandry
28:50 Bloodlines
32:32 Ballistics
33:15 Thumb Ring
36:32 Padded Archer Armor
TdB. OJETE EL BONDADOSO
6:28 Loom
9:43 Feudal Age
9:47 Man-at-Arms
10:14 Double-Bit Axe
10:24 Town Watch
15:59 Bloodlines
17:58 Scale Barding Armor
24:07 Castle Age
22:39 Fletching
23:01 Forging
22:37 Horse Collar
22:49 Gold Mining
24:43 Wheelbarrow
24:07 Light Cavalry
25:09 Chain Barding Armor
25:02 Bow Saw
25:17 Husbandry
26:00 Heavy Plow
28:16 Iron Casting
28:07 Fletching
33:37 Bodkin Arrow
42:45 Hand Cart
47:39 Imperial Age
Connection lost

Rejoining the realm…

Still unreachable

The connection could not be restored.

Session expired

The server has moved on; the page needs a fresh start.